 Dungeon Crawl Stone Soup version 0.17-a0-1397-g0eee0a3 (webtiles) character file.

58 ololoev the Slasher (level 3, -1/27 HPs)
             Began as a Mummy Warper on June 17, 2015.
             Slain by Natasha (5 damage)
             ... on level 2 of the Dungeon.
             The game lasted 00:03:10 (1853 turns).

ololoev the Slasher (Mummy Warper)                  Turns: 1853, Time: 00:03:10

Health: -1/27      AC:  4    Str: 15    XL:     3   Next: 75%
Magic:  6/6        EV: 10    Int: 12    God:
Gold:   56         SH:  2    Dex: 11    Spells: 1 memorised, 5 levels left

rFire  x . .     SeeInvis .     a - +0 falchion
rCold  + . .     Clarity  .     b - +1 leather armour
rNeg   + + +     SustAt   +     i - -1 buckler (curse)
rPois  ∞         Gourm    .     (no helmet)
rElec  .         Spirit   .     (no cloak)
rCorr  .         Warding  .     (no gloves)
rMut   .         Stasis   .     (no boots)
MR     .....                    (no amulet)
Stlth  +.........               (no ring)
                                g - ring of sustain attributes

@: slowed, very slow, not resistant to hostile enchantments, very unstealthy
A: no food or potions, fire vulnerability, cold resistance 1, negative energy
resistance 3, torment resistance, unbreathing
a: no special abilities


Innate Abilities, Weirdness & Mutations

You do not eat or drink.
Your flesh is vulnerable to fire.
You are immune to poison.
Your flesh is cold resistant.
You are immune to negative energy.
You are immune to unholy pain and torment.
You can survive without breathing.

Inventory:

Hand weapons
 a - a +0 falchion (weapon)
Missiles
 e - 5 tomahawks of dispersal (quivered)
Armour
 b - a +1 leather armour (worn)
 i - a cursed -1 buckler (worn)
Jewellery
 g - a ring of sustain attributes (left hand)
Scrolls
 d - a scroll of blinking
 f - a scroll of remove curse {unknown}
 h - a scroll of recharging {unknown}
 j - 3 scrolls of teleportation
Books
 c - a book of Spatial Translocations

   Spells                             Type                      Level
   a - Apportation                    Translocation                1
   b - Blink                          Translocation                2
   c - Shroud of Golubria             Charms/Translocation         2
   d - Portal Projectile              Translocation                3
   e - Teleport Other                 Translocation                3
   f - Passage of Golubria            Translocation                4


   Skills:
 - Level 2.0 Fighting
 * Level 2.7 Long Blades
 - Level 0.7 Throwing
 + Level 1.9 Armour
 - Level 1.5 Dodging
 - Level 2.0 Spellcasting
 - Level 2.4 Translocations


You had 5 spell levels left.
You knew the following spells:

 Your Spells              Type           Power        Failure   Level  Hunger
a - Apportation           Tloc           #.........   24%         1    N/A


You were on level 2 of the Dungeon.
You were not hungry.

You visited 1 branch of the dungeon, and saw 2 of its levels.

You collected 56 gold pieces.

..# #... ..#
#.... .).# .....
...# .....
######...# .....
#.$......# .....
#####.#.#....# .#
#####
........h....##.#
.###.#@#..#.##.#
#§#..#.##.#
#.#..#.##.#
#.####.##.#
#.#....##.#
#.........#
########.#####.#
......†....# #.#
########.#.# #.#

Notes
Turn   | Place    | Note
--------------------------------------------------------------
     0 | D:1      | ololoev the Mummy Warper began the quest for the Orb.
     0 | D:1      | Reached XP level 1. HP: 16/16 MP: 3/3
   179 | D:1      | Reached skill level 1 in Armour
   348 | D:1      | Reached XP level 2. HP: 20/22 MP: 5/5
   988 | D:2      | Found a white marble altar of Elyvilon.
  1583 | D:2      | Reached XP level 3. HP: 20/27 MP: 6/6
  1838 | D:2      | Noticed Natasha
  1853 | D:2      | Slain by Natasha

Dungeon Overview and Level Annotations

Branches:
Dungeon (2/15)

Altars:
Elyvilon

Annotations:
D:2 Natasha


Message History

You are too injured to fight recklessly!
You are too injured to fight recklessly!
You are too injured to fight recklessly!
You are too injured to fight recklessly!
You are too injured to fight recklessly!
You are too injured to fight recklessly!
You are too injured to fight recklessly!
You are too injured to fight recklessly!
You are too injured to fight recklessly!
You are too injured to fight recklessly!
The adder bites you but does no damage.
You hit the adder.
The adder is almost dead.
The adder bites you. The adder barely misses you.
You hit the adder.
The adder is almost dead.
The adder bites you. The adder barely misses you.
You barely miss the adder.
The adder is almost dead.
The adder bites you. The adder barely misses you. The adder barely misses you.
You barely miss the adder.
The adder is almost dead.
The adder misses you. The adder barely misses you.
You closely miss the adder.
The adder is almost dead.
The adder closely misses you. The adder bites you.
You slash the adder!
You kill the adder!
You closely miss Natasha. Natasha claws you. Natasha barely misses you.
You hit Natasha.
Natasha is moderately wounded.
Natasha barely misses you.
You closely miss Natasha.
Natasha is moderately wounded.
Natasha casts a spell next to you.
A cloud of flames roars to life!
Natasha claws you.
You hit Natasha.
Natasha is heavily wounded.
Natasha barely misses you. Natasha claws you.
You die...

You could see Natasha.

Vanquished Creatures
  2 adders (D:2)
  2 worms (D:2)
  4 giant geckos
  5 giant cockroaches
  2 hobgoblins (D:1)
  5 kobolds
  2 quokkas (D:2)
  7 bats
  4 rats
33 creatures vanquished.

Action                   || total
-------------------------++-------
Melee: Falchion          ||   142
  Use: Scroll            ||     3

Vault maps used:
D:1:      ncdulo_smallfort, kennysheep_boxes
D:2:      wad_river_or_something, lemuel_doored_altar, uniq_natasha
